 Dungeon Crawl Stone Soup version 0.31.0-12-g77e489cdc1 (webtiles) character file.

Game seed: 17357714335841623409

98384 Trobe the Severer (level 16, -1/149 HPs)
             Began as a Hill Orc Fighter on Feb 20, 2024.
             Was a High Priest of Okawaru.
             Succumbed to an emperor scorpion's poison
             ... on level 1 of the Spider Nest on Feb 27, 2024.
             The game lasted 02:39:44 (35182 turns).

Trobe the Severer (Hill Orc Fighter)               Turns: 35182, Time: 02:39:44

Health: -1/149     AC: 27    Str: 27    XL:     16   Next: 22%
Magic:  26/26      EV: 14    Int: 12    God:    Okawaru [*****.]
Gold:   1810       SH: 16    Dex: 10    Spells: 15/15 levels left

rFire   . . .        Y - +0 broad axe (venom)
rCold   . . .        C - +0 kite shield
rNeg    . . .        g - +0 plate armour of Gestures {rCorr}
rPois   .            D - +2 hat
rElec   .            x - +1 cloak {Stlth+}
rCorr   +            y - +1 pair of gloves
SInv    .            t - +2 pair of boots
Will    ++...        c - amulet "Ajoxzyaw" {Reflect Int+4 SH+5} Stlth
                     G - ring of willpower
HPRegen 0.44/turn    Q - +5 ring of evasion
MPRegen 0.20/turn

%: reflection
@: lethally poisoned (-1 -> -54), studying Shields
A: no striking features
a: Renounce Religion, Heroism, Finesse, Duel


You were on level 1 of the Spider Nest.
You worshipped Okawaru.
Okawaru was extremely pleased with you.
You visited 6 branches of the dungeon, and saw 26 of its levels.

You collected 3367 gold pieces.
You spent 1557 gold pieces at shops.

Inventory:

Hand Weapons
 a - a +4 war axe
 X - a +0 morningstar
 Y - a +0 broad axe of venom (weapon)
Missiles
 h - 33 poisoned darts
 i - 6 throwing nets
 w - 16 boomerangs (quivered)
 F - 3 darts of dispersal
 N - 3 atropa-tipped darts
 S - 6 javelins
 T - 9 curare-tipped darts
Armour
 g - the +0 plate armour of Gestures (worn) {rCorr}
   (You found it on level 6 of the Dungeon)

   rCorr:     It protects you from acid and corrosion.
 p - a +1 cloak
 s - a +2 cloak
 t - a +2 pair of boots (worn)
 x - a +1 cloak of stealth (worn)
 y - a +1 pair of gloves (worn)
 C - a +0 kite shield (worn)
 D - a +2 hat (worn)
Jewellery
 b - a ring of fire
 c - the amulet "Ajoxzyaw" (around neck) {Reflect Int+4 SH+5}
   (You found it on level 15 of the Dungeon)

   [amulet of reflection]

   Reflect:   It reflects blocked missile attacks.
   Int+4:     It affects your intelligence (+4).
   SH+5:      It affects your SH (+5).
 e - the amulet of Qungac {Regen+ Dex+3}
   (You acquired it on level 8 of the Dungeon)

   [amulet of regeneration]

   Dex+3:     It affects your dexterity (+3).
   Regen+:    It increases your rate of health regeneration.
 G - a ring of willpower (left hand)
 I - a ring of ice
 Q - a +5 ring of evasion (right hand)
 U - a ring of poison resistance
Wands
 l - a wand of iceblast (8)
 o - a wand of mindburst (36)
 v - a wand of quicksilver (8)
 z - a wand of digging (4)
 A - a wand of flame (44)
 P - a wand of paralysis (9)
Scrolls
 d - a scroll of fear
 m - 3 scrolls of identify
 q - 8 scrolls of teleportation
 r - 2 scrolls of poison
 J - 2 scrolls of blinking
 L - 3 scrolls of revelation
Potions
 f - 3 potions of brilliance
 j - 4 potions of curing
 k - 3 potions of attraction
 n - 3 potions of lignification
 K - a potion of ambrosia
 O - a potion of cancellation
 R - a potion of haste
 V - a potion of enlightenment
 W - a potion of invisibility
Miscellaneous
 H - a phial of floods


   Skills:
 + Level 15.4 Fighting
 - Level 18.0 Axes
 - Level 2.0 Throwing
 + Level 14.3 Armour
 + Level 8.1 Dodging
 + Level 11.3 Shields
 + Level 13.9 Invocations
 - Level 4.5 Evocations


You had 15 spell levels left.
You didn't know any spells.
Your spell library contained the following spells:

 Spells                   Type           Power      Damage    Failure   Level
 Foxfire                  Conj/Fire      0%         2x1d4     98%         1
 Kiss of Death            Conj/Necr      0%         2d5       98%         1
 Magic Dart               Conj           0%         1d3       98%         1
 Shock                    Conj/Air       0%         1d3       98%         1
 Blink                    Tloc           0%         N/A       99%         2
 Ensorcelled Hibernation  Hex/Ice        0%         N/A       99%         2
 Confusing Touch          Hex            0%         N/A       100%        3
 Fugue of the Fallen      Necr           0%         N/A       100%        3
 Passwall                 Erth           0%         N/A       100%        3
 Swiftness                Air            0%         N/A       100%        3
 Airstrike                Air            0%         2d(0-16)  100%        4
 Anguish                  Hex/Necr       0%         N/A       100%        4
 Cause Fear               Hex            0%         N/A       100%        4
 Dispel Undead            Necr           0%         3d6       100%        4
 Fireball                 Conj/Fire      0%         3d3       100%        5
 Plasma Beam              Fire/Air       0%         2x1d10    100%        6
 Starburst                Conj/Fire      0%         6d3       100%        6
 Call Imp                 Summ           Unusable   N/A       N/A         2
 Dragon's Call            Summ           Unusable   N/A       N/A         9

Dungeon Overview and Level Annotations

Branches:
Dungeon (15/15)            Temple (1/1) D:4            Lair (5/5) D:8
 Shoals (1/4) Lair:3       Spider (2/4) Lair:2        Slime (0/5) Lair:4
    Orc (2/2) D:10            Elf (0/3) Orc:2        Vaults (0/5) D:14
 Depths (0/4) D:15

Altars:
Ashenzari
Cheibriados
Dithmenos
Elyvilon
Fedhas
Gozag
Hepliaklqana
Kikubaaqudgha
Makhleb
Nemelex Xobeh
Okawaru
Qazlal
Ru
Sif Muna
Trog
Uskayaw
Vehumet
Wu Jian
Xom
Yredelemnul
Zin
The Shining One
Beogh

Shops:
D:6 ?   D:9 [   Orc:2 *=(:[*

Annotations:
D:3 2 runed translucent doors, Tyszek's ghost, amateur MiMo
D:15 exclusion: Roxanne, Roxanne


Message History

The emperor scorpion barely misses you. You block the culicivora's attack.
You hit the emperor scorpion.
The emperor scorpion looks as sick as possible!
The emperor scorpion is almost dead.
You hit the culicivora but do no damage.
The culicivora looks as sick as possible!
You feel sick. The culicivora barely misses you.
The emperor scorpion stings you.
* * * LOW HITPOINT WARNING * * *
You are more poisoned.
The emperor scorpion poisons you! The emperor scorpion misses you.
You block the emperor scorpion's attack.
You hit the emperor scorpion but do no damage.
The emperor scorpion looks as sick as possible!
The emperor scorpion is almost dead.
You hit the culicivora.
The culicivora looks as sick as possible!
You feel extremely sick.
You kill the culicivora!
Okawaru accepts your kill.
The emperor scorpion stings you but does no damage.
The emperor scorpion claws you but does no damage. x2
You feel extremely sick. The emperor scorpion stings you!!
* * * LOW HITPOINT WARNING * * *
You are lethally poisoned!
The emperor scorpion poisons you!
You block the emperor scorpion's attack.
The emperor scorpion claws you but does no damage.
You hit the emperor scorpion.
The emperor scorpion looks as sick as possible!
The emperor scorpion is almost dead.
* * * LOW HITPOINT WARNING * * *
You feel extremely sick.
You kill the emperor scorpion!
Okawaru accepts your kill.
* * * LOW HITPOINT WARNING * * *
You feel extremely sick.
You see here a culicivora corpse.
You die...

#.#.## #^.......
##..## ##.......
##.##.# #.......
##.######## #.......
#....##...# #^......
##...###...##.#.....#
#....##.....####...##
#..†###........#
#...@†.........##
#..###..........#
#^.##...........#
#####..........#..
#..........##
#..........#
#.........##.#
#.............
#..........##..


There were no monsters in sight!

Vanquished Creatures
  Nikola (Spider:1)
  Rupert (Lair:4)
  An emperor scorpion (Spider:1)
  2 orc warlords
  A stone giant (D:15)
  Azrael (D:15)
  Josephine (Orc:1)
  4 vault guards (D:14)
  4 hydras
  Fannar (Lair:2)
  3 catoblepae (Lair:5)
  2 two-headed ogres
  6 centaur warriors
  4 boulder beetles
  A demonic crawler (Spider:1)
  15 death yaks
  An occultist (D:15)
  2 tengu warriors (D:15)
  2 orc high priests (Orc:2)
  Urug (D:11)
  Sonja (D:11)
  A skyshark (Lair:2)
  9 skeletal warriors
  An arcanist (D:13)
  A steelbarb worm (Spider:1)
  5 orc sorcerers
  An orc knight (Orc:2)
  19 ugly things
  5 manticores
  Maurice (D:11)
  A meliai (shapeshifter) (D:14)
  2 kobold blastminers
  6 black mambas
  20 elephants
  6 cyclopes
  2 molten gargoyles (Lair:4)
  A torpor snail (Lair:4)
  7 cane toads
  A kobold demonologist (D:12)
  5 komodo dragons
  2 rime drakes (Lair:5)
  An efreet (D:15)
  A merfolk (shapeshifter) (D:15)
  9 trolls
  3 polar bears
  2 tarantellas (Spider:1)
  4 blink frogs (Lair:5)
  A merfolk (Lair:3)
  12 dream sheep
  4 culicivoras (Spider:1)
  6 slime creatures
  5 wraiths
  A vampire (D:11)
  7 wyverns
  6 humans (D:14)
  2 basilisks
  38 yaks
  2 fire elementals (D:15)
  A warg (Orc:2)
  A steam dragon (D:9)
  5 redbacks
  3 vampire mosquitoes (D:12)
  5 acid dragons
  4 hell hounds
  6 water moccasins
  36 orc warriors
  3 ice beasts
  3 black bears
  8 ogres
  5 wolves (Lair:1)
  6 centaurs
  A phantom (D:5)
  A kobold brigand (D:4)
  8 bullfrogs
  3 scorpions
  4 wights (D:8)
  2 gnoll sergeants
  9 killer bees (D:7)
  2 vampire bats (Orc:2)
  10 howler monkeys
  2 bombardier beetles
  5 lava snakes (Lair:4)
  A gnoll bouda (D:8)
  16 orc priests
  A hound (D:7)
  5 jellies
  A sleepcap (D:8)
  2 iguanas
  Jessica (D:2)
  28 orc wizards
  4 hell rats (Lair:2)
  Terence (D:2)
  17 gnolls
  5 adders
  5 ribbon worms (D:2)
  A dart slug (D:2)
  78 orcs
  6 ball pythons
  12 bats
  7 endoplasms
  4 giant cockroaches
  3 hobgoblins
  23 kobolds
  3 quokkas
  3 frilled lizards
  A rat (D:1)
616 creatures vanquished.

Vanquished Creatures (others)
  A vault guard (D:14)
  An orc wizard (Orc:1)
2 creatures vanquished.

Grand Total: 618 creatures vanquished

Notes
Turn   | Place    | Note
-------+----------+-------------------------------------------
     0 | D:1      | Trobe the Hill Orc Fighter began the quest for the Orb.
     0 | D:1      | Reached XP level 1. HP: 19/19 MP: 1/1
   237 | D:1      | Reached skill level 3 in Axes
   390 | D:1      | Reached XP level 2. HP: 27/27 MP: 2/2
   503 | D:1      | Found a faded altar of an unknown god.
   908 | D:2      | Identified the +8 quarterstaff "Beetlebane" {protect, rF+
                  | rC+}
  1134 | D:2      | Reached XP level 3. HP: 32/33 MP: 3/3
  1296 | D:2      | Reached skill level 4 in Axes
  1908 | D:2      | Noticed Terence
  1930 | D:2      | Killed Terence
  1931 | D:2      | Reached XP level 4. HP: 39/41 MP: 4/4
  2053 | D:2      | Noticed Jessica
  2066 | D:2      | Killed Jessica
  2191 | D:2      | Reached skill level 5 in Axes
  2275 | D:3      | Found a runed translucent door.
  2276 | D:3      | Noticed a bullfrog
  2276 | D:3      | Noticed Tyszek's ghost (amateur MiMo)
  2840 | D:3      | Reached XP level 5. HP: 47/47 MP: 5/5
  2953 | D:3      | Found a runed translucent door.
  3696 | D:4      | Noticed a kobold brigand
  3724 | D:4      | Killed a kobold brigand
  3725 | D:4      | Reached skill level 5 in Fighting
  3725 | D:4      | Reached skill level 6 in Axes
  3725 | D:4      | Reached XP level 6. HP: 46/56 MP: 6/6
  4256 | D:4      | Found a staircase to the Ecumenical Temple.
  4626 | Temple   | Entered the Ecumenical Temple
  4772 | D:5      | Entered Level 5 of the Dungeon
  5034 | D:5      | Noticed an ice beast
  5055 | D:5      | Killed an ice beast
  5056 | D:5      | Reached skill level 7 in Axes
  5056 | D:5      | Reached skill level 5 in Armour
  5056 | D:5      | Reached XP level 7. HP: 20/61 MP: 7/7
  5261 | D:5      | Found a snail-covered altar of Cheibriados.
  5637 | D:5      | Found an ancient bone altar of Kikubaaqudgha.
  5854 | D:5      | Reached skill level 8 in Axes
  6107 | D:5      | Reached XP level 8. HP: 50/71 MP: 8/8
  6345 | D:5      | Reached skill level 9 in Axes
  6888 | D:6      | Found Yhuevip's Magic Scroll Boutique.
  7140 | D:6      | Noticed a yak
  7140 | D:6      | Noticed a yak
  7140 | D:6      | Noticed a yak
  7140 | D:6      | Noticed a yak
  7178 | D:5      | Killed a yak
  7210 | D:5      | Killed a yak
  7211 | D:5      | Reached skill level 10 in Axes
  7271 | D:6      | Killed a yak
  7274 | D:6      | Killed a yak
  7275 | D:6      | Reached XP level 9. HP: 59/79 MP: 9/9
  7525 | D:6      | Reached skill level 11 in Axes
  7684 | D:6      | Identified the +0 plate armour of Gestures {rCorr}
  8482 | D:7      | Noticed a two-headed ogre
  8500 | D:7      | Killed a two-headed ogre
  8501 | D:7      | Reached skill level 12 in Axes
  9519 | D:7      | Found a stormy altar of Qazlal.
  9519 | D:7      | Found a basalt altar of Yredelemnul.
  9519 | D:7      | Found a glowing golden altar of the Shining One.
  9520 | D:7      | Found an opulent altar of Gozag.
  9521 | D:7      | Found an iron altar of Okawaru.
  9522 | D:7      | Found a bloodstained altar of Trog.
  9526 | D:7      | Became a worshipper of Warmaster Okawaru
  9689 | D:7      | Identified a scroll of acquirement
  9689 | D:7      | Acquired 934 gold pieces
 10029 | D:7      | Reached XP level 10. HP: 68/91 MP: 10/10
 10030 | D:7      | Reached skill level 1 in Invocations
 10132 | D:7      | Reached skill level 13 in Axes
 10226 | D:8      | Found the +3 robe of Clouds {*Thunder rCloud rElec}
 10526 | D:7      | Reached * piety under Okawaru
 11128 | D:8      | Found a staircase to the Lair.
 11169 | D:8      | Acquired the amulet of Qungac {Regen+ Dex+3}
 11677 | Lair:1   | Entered Level 1 of the Lair of Beasts
 11677 | Lair:1   | Noticed a black mamba
 11687 | D:8      | Killed a black mamba
 11880 | Lair:1   | Reached ** piety under Okawaru
 11881 | Lair:1   | Reached skill level 14 in Axes
 11954 | Lair:1   | Noticed a black mamba
 11971 | Lair:1   | Killed a black mamba
 12075 | Lair:1   | Reached skill level 10 in Fighting
 12197 | Lair:1   | Noticed a boulder beetle
 12218 | Lair:1   | Killed a boulder beetle
 12219 | Lair:1   | Reached skill level 5 in Invocations
 12283 | Lair:1   | Reached XP level 11. HP: 100/100 MP: 14/14
 12898 | D:9      | Reached *** piety under Okawaru
 13062 | D:9      | Reached skill level 15 in Axes
 13297 | D:9      | Found Oraizaxze's Antique Armour Shoppe.
 13447 | D:10     | Entered Level 10 of the Dungeon
 14270 | D:10     | Found a staircase to the Orcish Mines.
 14554 | D:11     | Noticed Urug
 14956 | Lair:1   | Reached **** piety under Okawaru
 15362 | D:8      | Reached skill level 1 in Evocations
 15365 | D:8      | Reached skill level 1 in Throwing
 15369 | D:8      | Reached skill level 10 in Armour
 15764 | Lair:2   | Noticed Fannar
 15796 | Lair:2   | Killed Fannar
 15847 | Lair:2   | Identified the +1 battleaxe "Datha" {freeze, Fly rCorr
                  | Int+2 SInv}
 15979 | Lair:2   | Noticed a death yak
 15979 | Lair:2   | Noticed a death yak
 15992 | Lair:2   | Noticed a death yak
 15994 | Lair:2   | Noticed a death yak
 15998 | Lair:2   | Noticed a death yak
 16011 | Lair:2   | Killed a death yak
 16012 | Lair:2   | Reached skill level 1 in Dodging
 16028 | Lair:2   | Killed a death yak
 16037 | Lair:1   | Killed a death yak
 16037 | Lair:1   | Reached ***** piety under Okawaru
 16038 | Lair:1   | Reached XP level 12. HP: 93/110 MP: 17/17
 16039 | Lair:1   | Killed a death yak
 16040 | Lair:1   | Reached skill level 16 in Axes
 16344 | Lair:2   | Received a gift from Okawaru
 16480 | Lair:2   | Noticed a skyshark
 16493 | Lair:2   | Killed a skyshark
 16669 | Lair:2   | Killed a death yak
 17157 | Lair:2   | Found a hole to the Spider Nest.
 17640 | Lair:3   | Noticed a death yak
 17644 | Lair:3   | Noticed a death yak
 17661 | Lair:3   | Noticed a death yak
 17675 | Lair:3   | Killed a death yak
 17684 | Lair:3   | Killed a death yak
 17690 | Lair:3   | Killed a death yak
 17691 | Lair:3   | Reached skill level 5 in Shields
 17915 | Lair:3   | Found a staircase to the Shoals.
 18663 | Lair:4   | Received a gift from Okawaru
 19020 | Lair:4   | Reached skill level 17 in Axes
 19035 | Lair:4   | Reached XP level 13. HP: 117/117 MP: 19/19
 19436 | Lair:4   | Received a gift from Okawaru
 19526 | Lair:4   | Noticed Rupert
 19659 | Lair:4   | Killed Rupert
 20440 | Lair:4   | Found a staircase to the Slime Pits.
 20851 | Lair:5   | Entered Level 5 of the Lair of Beasts
 21066 | Lair:5   | Received a gift from Okawaru
 21554 | Lair:5   | Reached skill level 18 in Axes
 21725 | Lair:5   | Received a gift from Okawaru
 21797 | Lair:5   | Reached skill level 10 in Invocations
 21880 | Lair:5   | Reached XP level 14. HP: 99/127 MP: 19/21
 21886 | Lair:5   | Reached skill level 5 in Dodging
 22247 | Lair:5   | Identified the +0 great sword of the Asp {drain, *Corrode
                  | Will+ Str+5 Int+2}
 22251 | Lair:5   | Identified the +5 battleaxe of Supply {freeze, MP-9 Str+3
                  | Dex+2}
 22636 | Lair:5   | Received a gift from Okawaru
 22766 | Lair:5   | Identified the +1 leather armour of Sin {rN+ Will- Dex+3
                  | SInv}
 23373 | D:11     | Killed Urug
 23464 | D:11     | Noticed Maurice
 23482 | D:11     | Maurice stole the +1 battleaxe "Datha" {freeze, Fly rCorr
                  | Int+2 SInv}
 23488 | D:11     | Killed Maurice
 23564 | D:11     | Noticed Sonja
 23572 | D:11     | Killed Sonja
 25127 | D:12     | Found a blossoming altar of Fedhas.
 25878 | D:12     | Received a gift from Okawaru
 27343 | D:14     | Received a gift from Okawaru
 27494 | D:14     | Reached XP level 15. HP: 135/138 MP: 22/24
 28816 | D:14     | Received a gift from Okawaru
 28931 | D:14     | Found a gate to the Vaults.
 28944 | D:14     | Identified the +2 plate armour of Conscience {rPois}
 29107 | D:15     | Entered Level 15 of the Dungeon
 29323 | D:15     | Noticed Roxanne
 29524 | D:15     | Reached skill level 10 in Shields
 29547 | D:15     | Identified the amulet "Ajoxzyaw" {Reflect Int+4 SH+5}
 30362 | D:15     | Found a staircase to the Depths.
 30519 | D:15     | Noticed Azrael
 30959 | D:15     | Killed Azrael
 31599 | Orc:1    | Entered Level 1 of the Orcish Mines
 31787 | Orc:2    | Entered Level 2 of the Orcish Mines
 31904 | Orc:2    | Noticed an orc warlord
 31930 | Orc:1    | Killed an orc warlord
 32000 | Orc:2    | Reached skill level 15 in Fighting
 32177 | Orc:2    | Found a staircase to the Elven Halls.
 32177 | Orc:2    | Found Jakog's Jewellery Emporium.
 32318 | Orc:1    | Noticed Josephine
 32343 | Orc:1    | Killed Josephine
 32753 | Orc:1    | Found a roughly hewn altar of Beogh.
 33107 | Orc:2    | Reached XP level 16. HP: 121/149 MP: 26/26
 33538 | Orc:2    | Found Ixucix's Antique Weapon Shop.
 33586 | Orc:2    | Found Efyseg's Specific Store.
 33588 | Orc:2    | Found Qeuczan's General Store.
 33608 | Orc:2    | Bought a wand of digging (4) for 252 gold pieces
 33612 | Orc:2    | Bought a scroll of revelation for 105 gold pieces
 33666 | Orc:2    | Found Sioggisk's Antique Armour Shop.
 33779 | Orc:2    | Found Ittih's Self-Improvement Boutique.
 33894 | Orc:2    | Bought a manual of Shields for 1200 gold pieces
 33933 | Orc:2    | Found Buxasotz's General Store.
 34309 | Shoals:1 | Entered Level 1 of the Shoals
 34373 | Spider:1 | Entered Level 1 of the Spider Nest
 34380 | Spider:2 | Noticed Nikola
 34402 | Spider:1 | Killed Nikola
 35182 | Spider:1 | Succumbed to an emperor scorpion's poison

Illustrated notes

Levels and vault maps discovered:
D:1:      lemuel_arrival_behind_the_door_large, layout_basic,
          shapermc_ecumenical_altar_acropolis, serial_curves, eino_curves_01,
          eino_curves_01
D:2:      layout_basic, uniq_terence, uniq_jessica
D:3:      layout_loops_ring, ebering_ghost_sewer_f
D:4:      kennysheep_kobold_camp, layout_basic, minmay_temple_entry_wispy
D:5:      layout_basic, hangedman_feature_mirror, minivault_5
D:6:      layout_loops_corners, serial_shops, shop
D:7:      layout_loops_corners, minitemple
D:8:      layout_rooms, lair_entry_dummy
D:9:      layout_roguey, serial_shops, shop
D:10:     layout_loops_ring, david_orc_4, amcnicky_mini_pool_small,
          kennysheep_small_circle
D:11:     layout_roguey, uniq_maurice, uniq_sonja, uniq_urug
D:12:     layout_loops_ring, fedhas_ov_isle_minmay
D:13:     layout_gridville
D:14:     layout_irregular_city, ximxim_vaults_locker_room,
          chequers_serial_rivers_room_a
D:15:     grunt_enter_depths_snipers, layout_basic, serial_co_window_serial,
          co_window_paths_b, co_window_paths_b, co_window_corner_a,
          co_window_corner_a, co_window_of_opportunity_a, co_window_paths_b,
          co_window_2corner, co_window_of_opportunity_b, co_window_corner_b,
          co_window_4corner_b, co_window_sun, glass_columns_b, glass_columns_a,
          glass_columns_a, glass_columns_a, glass_columns_b, uniq_roxanne,
          uniq_azrael
Temple:   minmay_temple_bridge_d
Lair:1:   layout_layer_cave, nzn_sisyphean_effort
Lair:2:   layout_long_grid, spider_nest_entry_funnel_web, st_stairs_8,
          uniq_fannar
Lair:3:   layout_hall_layers, elwin_shoals_entry_rooms,
          infiniplex_staircase_pool_2
Lair:4:   cheibrodos_magma_flow, layout_regular_city,
          minmay_slime_entry_pillars, uniq_rupert
Lair:5:   evilmike_catoblepas_cave, layout_cave_pods, lemuel_fruit_fields,
          serial_bayou_shore_a
Shoals:1: cheibrodos_shoals_gigantism, layout_shoals,
          nicolae_shoals_this_corrosion
Spider:1: layout_chambers
Spider:2: layout_cave_pods, uniq_nikola, uniq_louise
Orc:1:    layout_caves, mines1_david, uniq_josephine
Orc:2:    grunt_orc_gardens, layout_caves, grunt_orc_garden, grunt_orc_garden,
          grunt_orc_garden, grunt_orc_garden, nicolae_specific_store,
          nicolae_orc_sculptors_studio, roderic_batcave, nicolae_shop_self_help

Skill      XL: |  1  2  3  4  5  6  7  8  9 10 11 12 13 14 15 16 |
---------------+-------------------------------------------------+-----
Axes           | 3 4 5 6 7 8 10 12 14 15 17 18 | 18.0
Fighting       | 4 5 6 7 9 10 11 12 14 15 | 15.4
Armour         | 4 5 7 8 9 10 11 13 14 | 14.3
Invocations    | 5 7 8 10 12 13 | 13.9
Evocations     | 2 4 |  4.5
Throwing       | 2 |  2.0
Dodging        | 1 3 4 6 7 8 |  8.1
Shields        | 4 5 7 9 10 11 | 11.3

Action                     |  1- 3 |  4- 6 |  7- 9 | 10-12 | 13-15 | 16-18 || total
---------------------------+-------+-------+-------+-------+-------+-------++-------
  Melee: War axe           |    82 |   178 |   207 |   761 |  1083 |       ||  2311
         Flail             |       |       |       |       |    32 |       ||    32
         Broad axe         |       |       |       |       |   389 |   195 ||   584
  Throw: Javelin           |       |       |     9 |    13 |    17 |       ||    39
         Dart              |       |       |       |       |    12 |       ||    12
         Boomerang         |       |       |       |       |    30 |     6 ||    36
 Invoke: Heroism           |       |       |       |     8 |    16 |     1 ||    25
         Finesse           |       |       |       |     2 |     8 |       ||    10
  Evoke: Wand              |       |       |     2 |     9 |     8 |       ||    19
    Use: Scroll            |     4 |     8 |     3 |     9 |    19 |       ||    43
         Potion            |     1 |     3 |       |     3 |     4 |     4 ||    15
   Stab: Petrified         |       |       |       |       |     7 |       ||     7
 Armour: Chain mail        |    62 |   129 |   160 |       |       |       ||   351
         Plate armour      |       |       |    10 |   608 |   873 |    79 ||  1570
  Dodge: Dodged            |    42 |    46 |    75 |   216 |   429 |    64 ||   872
  Block: Buckler           |    19 |    22 |    38 |    39 |       |       ||   118
         Kite shield       |       |       |       |   262 |   757 |   157 ||  1176
         Reflection        |       |       |       |       |    26 |     2 ||    28
